 Dungeon Crawl Stone Soup version 0.30.1-11-g7821555f0a (webtiles) character file.

Game seed: 10547270387444502030

51 Aviaq the Shooter (level 4, -1/33 HPs)
             Began as a Human Hunter on Jan 10, 2024.
             Slain by a phantom (7 damage)
             ... on level 4 of the Dungeon.
             The game lasted 00:05:09 (595 turns).

Aviaq the Shooter (Human Hunter)                     Turns: 595, Time: 00:05:09

Health: -1/33      AC:  3    Str: 11    XL:     4   Next: 5%
Magic:  4/4        EV:  9    Int: 12    God:
Gold:   97         SH:  0    Dex: 16    Spells: 3/3 levels left

rFire   . . .        i - +0 short sword
rCold   . . .        (no shield)
rNeg    . . .        c - +0 leather armour
rPois   .            (no helmet)
rElec   .            (no cloak)
rCorr   .            (no gloves)
SInv    .            (no boots)
Will    .....        (no amulet)
Stlth   ++           (no ring)
HPRegen 0.25/turn    (no ring)
MPRegen 0.09/turn

%: no passive effects
@: hasted, constricted, very quick
A: no striking features
a: no special abilities


You were on level 4 of the Dungeon.
You visited 1 branch of the dungeon, and saw 4 of its levels.

You collected 97 gold pieces.

Inventory:

Hand Weapons
 a - a +0 shortbow
 i - a +0 short sword (weapon)
Armour
 c - a +0 leather armour (worn)
Wands
 g - a wand of quicksilver (2)
Scrolls
 b - 2 scrolls of immolation
 f - a scroll of fog {unknown}
Potions
 d - 2 potions of curing
 h - 2 potions of brilliance {unknown}


   Skills:
 * Level 2.1 Fighting
 * Level 0.5 Short Blades
 * Level 4.8 Ranged Weapons
 * Level 0.5 Armour
 * Level 2.1 Dodging
 * Level 1.4 Stealth
 * Level 0.2 Evocations


You had 3 spell levels left.
You didn't know any spells.
Your spell library was empty.

Dungeon Overview and Level Annotations

Branches:
Dungeon (4/15)
 Temple: D:4-7

Altars:


Message History

You completely miss the phantom.
The phantom is heavily damaged.
The phantom hits you.
You closely miss the phantom.
The phantom is heavily damaged.
The phantom hits you. The ball python bites you.
The ball python barely misses you.
You barely miss the phantom.
The phantom is heavily damaged.
You barely miss the phantom.
The phantom is heavily damaged.
The ball python bites you but does no damage.
The ball python grabs you. The ball python constricts you.
The phantom barely misses you.
You closely miss the phantom.
The phantom is moderately damaged.
The ball python closely misses you. The ball python constricts you.
The phantom hits you.
You hit the phantom but do no damage.
The phantom is moderately damaged.
The ball python bites you but does no damage.
The ball python constricts you.
You hit the phantom but do no damage. You punch the phantom.
The phantom is heavily damaged.
The phantom hits you but does no damage.
The ball python closely misses you. The ball python constricts you.
You hit the phantom.
The phantom is heavily damaged.
The phantom hits you!
* * * LOW HITPOINT WARNING * * *
You barely miss the phantom.
The phantom is heavily damaged.
The ball python bites you.
* * * LOW HITPOINT WARNING * * *
The ball python constricts you.
* * * LOW HITPOINT WARNING * * *
You hit the phantom.
The phantom is heavily damaged.
The phantom hits you!
You die...

#. .. #. #. #. # #:
#. ####.###.##
#....@W...#
#...S.....###
#....$....'.########
#.........#.#......#
......######.#.####.#
####### #.#.# #.#
#.#.# #.#
#.#.####.###
#.#.........


You could see a phantom and a ball python.

Vanquished Creatures
  2 adders (D:3)
  A worm (D:3)
  2 dart slugs
  4 endoplasms
  3 giant cockroaches
  2 goblins
  A hobgoblin (D:1)
  2 ball pythons
  3 bats
  4 kobolds (D:2)
  3 rats
27 creatures vanquished.

Notes
Turn   | Place    | Note
-------+----------+-------------------------------------------
     0 | D:1      | Aviaq the Human Hunter began the quest for the Orb.
     0 | D:1      | Reached XP level 1. HP: 16/16 MP: 1/1
    43 | D:1      | Reached XP level 2. HP: 20/22 MP: 2/2
   364 | D:2      | Reached XP level 3. HP: 27/27 MP: 3/3
   459 | D:3      | Reached XP level 4. HP: 33/33 MP: 4/4
   574 | D:4      | Noticed a phantom
   595 | D:4      | Slain by a phantom

Illustrated notes

Levels and vault maps discovered:
D:1:      dpeg_arrival_boxes_within_box, layout_loops_ring
D:2:      layout_basic
D:3:      layout_loops_ring, uniq_natasha
D:4:      layout_basic, minmay_temple_entry_butterflies

Action                     |  1- 3 |  4- 6 || total
---------------------------+-------+-------++-------
  Melee: Dagger            |    23 |       ||    23
         Short sword       |    13 |    11 ||    24
         Punch             |       |     1 ||     1
   Fire: Shortbow          |    57 |     3 ||    60
  Evoke: Wand              |     1 |     3 ||     4
    Use: Scroll            |     3 |       ||     3
         Potion            |       |     1 ||     1
 Armour: Leather armour    |     8 |     4 ||    12
  Dodge: Dodged            |    33 |     5 ||    38
